 Dungeon Crawl Stone Soup version 0.31-a0-229-g1fc7ce93e2 (webtiles) character file.

Game seed: 705649268257728946

20 innerfire43 the Trooper (level 2, -5/24 HPs)
             Began as a Demonspawn Monk on July 6, 2023.
             Killed from afar by Terence (7 damage)
             ... with a puff of flame
             ... on level 2 of the Dungeon.
             The game lasted 00:00:46 (916 turns).

innerfire43 the Trooper (Demonspawn Monk)            Turns: 916, Time: 00:00:46

Health: -5/24      AC:  2    Str: 11    XL:     2   Next: 58%
Magic:  2/2        EV: 13    Int: 11    God:
Gold:   38         SH:  0    Dex: 15    Spells: 1/1 levels left

rFire   . . .        a - +0 hand axe
rCold   . . .        d - orb {light}
rNeg    . . .        b - +0 robe
rPois   .            (no helmet)
rElec   .            (no cloak)
rCorr   .            (no gloves)
SInv    .            (no boots)
Will    .....        (no amulet)
Stlth   +            (no ring)
HPRegen 0.24/turn    (no ring)
MPRegen 0.08/turn

%: no passive effects
@: glowing
A: claws 1
a: no special abilities


You were on level 2 of the Dungeon.
You visited 1 branch of the dungeon, and saw 2 of its levels.

You collected 38 gold pieces.

Inventory:

Hand Weapons
 a - a +0 hand axe (weapon)
Armour
 b - a +0 robe (worn)
 d - an orb of light (worn)
Scrolls
 g - a scroll of blinking {unknown}
 i - a scroll of immolation {unknown}
 j - a scroll of teleportation {unknown}
 k - a scroll of fog {unknown}
 l - a scroll of identify {unknown}
 m - a scroll of acquirement {unknown}
Potions
 c - 2 potions of ambrosia
 e - 2 potions of mutation {unknown}
 f - a potion of berserk rage {unknown}
 h - a potion of resistance {unknown}


   Skills:
 + Level 3.3 Fighting
 + Level 3.0 Axes
 + Level 3.0 Dodging


You had one spell level left.
You didn't know any spells.
Your spell library was empty.

Dungeon Overview and Level Annotations

Branches:
Dungeon (2/15)

Altars:

Annotations:
D:2 Terence


Innate Abilities, Weirdness & Mutations

You have sharp fingernails.


Message History

You hit the kobold.
You kill the kobold!
Found a stone staircase leading down.
No target in view!
A rat comes into view.
Terence the Incautious comes into view.
He is wielding a +0 mace and carrying a wand of flame (16).
Terence shouts!
A rat comes into view.
There are monsters nearby!
Terence hits you with a +0 mace!
There are monsters nearby!
You barely miss Terence. You hit the rat.
You kill the rat!
A dart slug comes into view.
Terence zaps a wand.
The puff of flame hits you.
You are too injured to fight recklessly!
You are too injured to fight recklessly!
You are confused.
You feel invigorated. Terence hits you but does no damage.
You hit Terence but do no damage. The dart slug launches a dart at you.
The slug dart misses you. Terence hits you with a +0 mace.
You hit Terence but do no damage. Terence completely misses you.
You bump into the rock wall.
The rat barely misses you.
You bump into the rock wall.
You feel less invigorated.
You feel less confused. The rat bites you. The rat bites you.
You hit the rat.
You kill the rat!
Terence zaps a wand.
The puff of flame hits you!
You barely miss Terence. Terence hits you with a +0 mace.
* * * LOW HITPOINT WARNING * * *
You hit Terence but do no damage.
Terence shouts, "DIE!!!"
Terence zaps a wand.
The puff of flame hits you.
* * * LOW HITPOINT WARNING * * *
You hit Terence but do no damage.
Terence zaps a wand.
The puff of flame hits you!
You die...

..........#
..........#
.........# #.......#
#......># #.....#.#
#.....#.#
...#+##.#.###.#
#.w@@....#
#.####.#######
#.............
.....####.########.#
... #.....)...... .
#..########.# ..
#..# ... #..##
...#######...#####


You could see Terence and a dart slug.

Vanquished Creatures
  2 bats (D:1)
  An endoplasm (D:2)
  A goblin (D:1)
  5 hobgoblins
  A quokka (D:2)
  2 frilled lizards
  4 kobolds
  3 rats
19 creatures vanquished.

Notes
Turn   | Place    | Note
-------+----------+-------------------------------------------
     0 | D:1      | innerfire43 the Demonspawn Monk began the quest for the
                  | Orb.
     0 | D:1      | Reached XP level 1. HP: 18/18 MP: 1/1
   445 | D:1      | Gained mutation: You have sharp fingernails. [demonic
                  | ancestry]
   445 | D:1      | Reached XP level 2. HP: 24/24 MP: 2/2
   900 | D:2      | Noticed Terence
   915 | D:2      | HP: 1/24 [Terence/puff of flame (6)]
   916 | D:2      | Killed from afar by Terence

Illustrated notes

Levels and vault maps discovered:
D:1:      minmay_arrival_widening_spiral_narrow, layout_basic
D:2:      layout_basic, shapermc_ecumenical_altar_mp_highgroup, uniq_terence,
          uniq_sigmund

Skill      XL: |  1  2 |
---------------+-------+-----
Dodging        | 3 |  3.0
Axes           | 3 |  3.0
Fighting       | |  3.3

Action                     || total
---------------------------++-------
  Melee: Hand axe          ||    66
    Use: Potion            ||     1
 Armour: Robe              ||    12
  Dodge: Dodged            ||    42

Table legend: (Time is in decaauts)
 A = Elapsed time spent in this place.
 B = Non-inter-level travel time spent in this place.
 C = Inter-level travel time spent in this place.
 D = Time resting spent in this place.
 E = Time spent auto-exploring this place.
 F = Levels seen in this place.
 G = Mean time per level.
                   A        B        C        D        E       F      G
               +--------+--------+--------+--------+--------+-----+--------+
         Total |    926 |    926 |      0 |      0 |    759 |   2 |  463.0 |
       Dungeon |    926 |    926 |      0 |      0 |    759 |   2 |  463.0 |
               +--------+--------+--------+--------+--------+-----+--------+

Top non-repeatable levels by time:
     D:1: 699 daAuts
     D:2: 227 daAuts
